Map: Frozen Temple

Players

Fropez - Winner!

  • Race: Protoss Protoss
  • League: Silver
  • Spawn Location: 5:00

Shadow

  • Race: Protoss Protoss
  • League: Bronze
  • Spawn Location: 11:00

VOD

Have the link to the VOD?

Description

Time

  • Played on: June 30, 2016, 12:01 p.m.
  • Length: 27:30
Show
View Real Time Build Order
Export as new Build Order

Fropez Protoss - Winner!

Build Orders: Nexus First 

Get SALT Encoding   

  12  0:02  Probe (Chrono Boost)  
  13  0:12  Probe (Chrono Boost)  
  14  0:23  Pylon, Probe (Chrono Boost)  
  15  0:54  Nexus  
  15  1:08  Gateway  
  15  1:22  Gateway  
  15  1:24  Probe (Chrono Boost)  
  16  1:29  Assimilator  
  16  1:43  Probe (Chrono Boost)  
  17  1:55  Pylon  
  17  1:57  Probe (Chrono Boost)  
  18  2:07  Probe (Chrono Boost)  
  19  2:09  Probe (Chrono Boost), Assimilator  
  19  2:11  Pylon  
  20  2:25  Probe (Chrono Boost)  
  21  2:30  Pylon  
  21  2:34  Cybernetics Core  
  22  2:37  Probe (Chrono Boost)  
  23  2:44  Probe (Chrono Boost)  
  23  3:02  Probe (Chrono Boost)  
  23  3:04  Gateway  
  24  3:09  Pylon  
  26  3:18  Adept  
  28  3:23  Adept  
  30  3:27  Probe (Chrono Boost)  
  30  3:30  Warp Gate (Chrono Boost)  
  30  3:32  Mothership Core (Chrono Boost)  
  31  3:38  Probe (Chrono Boost)  
  32  3:45  Adept  
  34  3:50  Probe  
  34  3:51  Adept  
  37  4:26  Probe  
  37  4:27  Probe  
  37  4:29  Stargate  
  39  4:31  Stargate  
  41  4:43  Probe  
  41  4:44  Probe  
  40  4:54  Probe, Assimilator  
  40  4:55  Assimilator  
  40  4:56  Probe  
  42  5:32  Probe  
  42  5:33  Probe  
  44  5:36  Phoenix (Chrono Boost)  
  44  5:37  Phoenix (Chrono Boost)  
  48  5:52  Probe  
  48  5:53  Probe  
  48  5:54  Protoss Air Weapons Level 1 (Chrono Boost)  
  50  6:05  Probe  
  50  6:06  Probe  
  50  6:07  Phoenix, Fleet Beacon, Pylon  
  50  6:10  Phoenix  
  56  6:13  Pylon  
  56  6:18  Pylon  
  56  6:28  Probe  
  56  6:29  Phoenix, Probe  
  60  6:35  Twilight Council  
  60  6:40  Phoenix  
  60  6:46  Probe  
  63  6:47  Probe  
  64  6:58  Probe  
  64  6:59  Probe  
  66  7:11  Probe x2  
  68  7:42  Phoenix  
  68  7:46  Phoenix  
  68  7:50  Probe  
  68  7:51  Probe  
  74  8:02  Nexus, Pylon  
  74  8:04  Phoenix  
  74  8:05  Pylon  
  74  8:08  Probe, Assimilator  
  74  8:11  Phoenix, Assimilator  
  79  8:15  Probe  
  79  8:16  Pylon, Robotics Facility  
  79  8:17  Pylon  
  80  8:21  Blink (Chrono Boost)  
  80  8:26  Phoenix  
  80  8:30  Pylon  
  82  8:37  Forge  
  82  8:40  Pylon  
  82  8:42  Phoenix, Protoss Air Weapons Level 2 (Chrono Boost)  
  82  8:48  Phoenix  
  84  8:55  Probe  
  87  8:57  Probe  
  88  9:04  Observer  
  88  9:07  Phoenix  
  91  9:30  Phoenix  
  87  9:31  Phoenix  
  87  9:33  Stalker x3  
  87  9:34  Protoss Shields Level 1 (Chrono Boost)  
  97  9:41  Anion Pulse-Crystals (Chrono Boost)  
  97  9:52  Gateway  
  97  9:53  Gateway  
  97  9:55  Gateway  
  97  9:57  Probe, Gateway  
  97  9:58  Probe, Gateway  
  99  10:00  Gateway, Stalker  
  99  10:01  Stalker x2  
  99  10:02  Gateway  
  105  10:07  Phoenix  
  105  10:09  Phoenix  
  109  10:31  Probe x2  
  109  10:33  Robotics Bay, Pylon  
  109  10:34  Pylon  
  109  10:35  Warp Prism  
  111  10:37  Protoss Air Weapons Level 3 (Chrono Boost)  
  113  11:12  Phoenix x2  
  117  11:21  Observer Gravitic Boosters (Chrono Boost)  
  117  11:37  Phoenix x2  
  117  12:15  Phoenix x2  
  121  12:16  Protoss Shields Level 2  
  121  12:19  Probe  
  121  12:20  Probe  
  123  12:40  Probe  
  123  12:42  Nexus  
  124  12:45  Assimilator  
  124  12:47  Assimilator  
  124  12:50  Pylon  
  124  12:57  Pylon  
  124  12:59  Protoss Air Armor Level 1  
  124  13:02  Stargate  
  124  13:13  Pylon  
  124  13:15  Pylon  
  124  13:16  Phoenix  
  124  13:18  Phoenix  
  124  13:19  Pylon  
  128  13:20  Stalker  
  128  13:21  Stalker x7  
  128  13:22  Stalker x2  
  128  13:26  Pylon  
  148  13:29  Observer  
  149  13:41  Phoenix  
  149  13:43  Phoenix  
  151  13:50  Observer  
  146  14:24  Phoenix  
  146  14:25  Phoenix x2  
  152  14:34  Protoss Shields Level 3 (Chrono Boost)  
  152  14:49  Phoenix x2  
  152  14:50  Phoenix  
  86  16:21  Zealot x2  
  86  16:22  Zealot  
  86  16:24  Warp Prism  
  86  16:30  Phoenix x3  
  92  16:44  Gateway x2  
  92  16:47  Pylon x2  
  92  16:55  Phoenix x3, Gateway  
  92  16:57  Gateway  
  92  16:58  Gateway x2  
  98  17:03  Gateway  
  98  17:05  Gateway  
  98  17:06  Gateway  
  97  17:14  Probe x2, Templar Archives  
  97  17:15  Probe x2  
  100  17:16  Dark Shrine  
  100  17:18  Pylon x2  
  100  17:20  Phoenix x3  
  107  17:33  Nexus  
  107  17:36  Assimilator  
  107  17:37  Assimilator  
  105  17:45  Phoenix x3, Pylon  
  105  17:49  Pylon  
  111  17:57  Probe x2  
  111  17:58  Probe  
  111  17:59  Probe  
  111  18:04  Zealot x2  
  111  18:05  Zealot x5  
  127  18:06  Zealot x5  
  127  18:07  Zealot x5  
  131  19:09  High Templar x6  
  133  19:10  High Templar x7  
  133  19:11  High Templar x2  
  133  19:14  Archon  
  133  19:15  Archon x4  
  133  19:16  Archon x2  
  151  19:18  High Templar, Probe  
  151  19:19  Probe x2  
  151  19:20  Probe  
  158  19:31  Probe  
  158  19:42  Nexus  
  158  19:45  Assimilator  
  158  19:47  Assimilator  
  158  19:56  Archon  
  158  19:57  Nexus  
  158  19:59  Assimilator  
  158  20:01  Observer (Chrono Boost), Assimilator  
  158  20:06  Pylon  
  159  20:14  Pylon  
  159  20:20  Observer (Chrono Boost)  
  158  20:25  Protoss Ground Weapons Level 1  
  156  20:36  Charge (Chrono Boost)  
  156  20:39  Observer  
  157  20:48  Nexus  
  157  20:51  Assimilator  
  157  20:53  Assimilator  
  157  20:56  Pylon  
  157  20:58  Pylon  
  157  21:00  Observer  
  158  21:12  Mothership Core  
  160  21:20  Zealot x3  
  160  21:21  Zealot x6  
  160  21:22  Zealot x6  
  160  21:23  Zealot x2  
  166  22:14  Protoss Ground Armor Level 1 (Chrono Boost)  
  133  22:39  Zealot  
  133  22:40  Zealot x7  
  133  22:41  Carrier (Chrono Boost), Zealot x6  
  133  22:42  Zealot x5  
  169  22:45  Carrier (Chrono Boost)  
  179  22:58  Protoss Air Armor Level 2  
  179  23:00  Graviton Catapult  
  177  23:51  Zealot x4  
  177  23:52  Zealot x5  
  177  23:53  Zealot x2  
  195  24:07  Zealot x6  
  193  24:22  Stalker x4  
  193  24:23  Stalker x2  
  189  25:14  Dark Templar  
  189  25:15  Dark Templar x5  
  161  25:40  Zealot  
  163  25:56  Stalker x4  
  163  25:57  Stalker x3  
  173  25:58  Stalker x5  
  173  25:59  Stalker x2  
  191  26:44  Stargate  
  191  26:50  Stargate x2  
  191  26:51  Stargate  
  191  26:55  Nexus, Stargate x2  
  191  26:59  Assimilator  
  191  27:02  Assimilator  
  191  27:06  Pylon  
  191  27:08  Pylon  
  191  27:14  Nexus  
  191  27:17  Assimilator  
  191  27:19  Assimilator  
  191  27:22  Pylon  
  191  27:23  Pylon  
  191  27:24  Nexus  
Show
View Real Time Build Order
Export as new Build Order

Shadow Protoss 

Build Orders: 1 Gate Expand 

Get SALT Encoding   

  12  0:02  Probe (Chrono Boost)  
  13  0:12  Probe (Chrono Boost)  
  14  0:19  Pylon  
  14  0:23  Probe (Chrono Boost)  
  15  0:41  Probe (Chrono Boost)  
  16  0:45  Gateway  
  16  0:52  Probe (Chrono Boost)  
  17  1:04  Probe (Chrono Boost)  
  18  1:15  Probe (Chrono Boost)  
  19  1:25  Nexus  
  19  1:33  Cybernetics Core  
  19  1:35  Probe (Chrono Boost)  
  20  1:43  Pylon  
  21  1:47  Probe (Chrono Boost)  
  21  1:53  Assimilator  
  21  1:57  Probe (Chrono Boost)  
  21  1:58  Assimilator  
  22  2:01  Pylon  
  22  2:25  Probe (Chrono Boost)  
  23  2:35  Probe (Chrono Boost), Zealot  
  23  2:36  Warp Gate (Chrono Boost)  
  26  2:42  Forge  
  27  2:44  Probe (Chrono Boost)  
  27  2:47  Gateway  
  27  2:54  Probe (Chrono Boost)  
  27  2:55  Gateway  
  28  3:02  Probe (Chrono Boost)  
  30  3:12  Probe (Chrono Boost)  
  30  3:16  Pylon  
  30  3:23  Probe (Chrono Boost)  
  30  3:24  Photon Cannon  
  31  3:34  Assimilator  
  31  3:36  Assimilator  
  31  3:46  Pylon, Stargate  
  31  3:48  Probe  
  32  3:53  Probe  
  33  4:00  Probe  
  34  4:04  Probe  
  35  4:14  Probe  
  35  4:16  Stargate  
  36  4:20  Pylon  
  36  4:21  Probe  
  37  4:25  Probe  
  38  4:33  Probe  
  38  4:36  Stalker x2  
  38  4:37  Stalker  
  45  4:55  Void Ray  
  45  4:59  Probe  
  50  5:03  Void Ray  
  54  5:07  Probe  
  55  5:18  Probe  
  56  5:23  Stargate  
  56  5:24  Pylon  
  56  5:55  Void Ray (Chrono Boost)  
  56  5:56  Void Ray (Chrono Boost)  
  64  6:02  Pylon  
  64  6:09  Void Ray (Chrono Boost)  
  68  6:20  Probe  
  68  6:22  Pylon  
  77  6:42  Void Ray x2 (Chrono Boost)  
  77  6:44  Pylon  
  77  6:47  Void Ray (Chrono Boost)  
  81  7:04  Photon Cannon  
  81  7:12  Robotics Facility  
  88  7:24  Void Ray (Chrono Boost)  
  88  7:28  Void Ray x2 (Chrono Boost)  
  87  7:31  Stalker x3  
  91  7:45  Probe  
  92  7:51  Pylon  
  92  7:55  Probe  
  93  8:00  Photon Cannon  
  93  8:01  Observer, Photon Cannon  
  94  8:06  Probe  
  95  8:15  Photon Cannon  
  95  8:17  Probe, Photon Cannon  
  100  8:34  Void Ray (Chrono Boost), Probe  
  101  8:43  Photon Cannon  
  101  8:44  Probe  
  102  8:55  Probe  
  106  9:01  Void Ray (Chrono Boost)  
  107  9:04  Void Ray (Chrono Boost)  
  111  9:12  Pylon  
  115  9:38  Void Ray (Chrono Boost)  
  115  9:40  Void Ray (Chrono Boost)  
  119  9:47  Void Ray (Chrono Boost)  
  119  9:49  Protoss Air Weapons Level 1  
  118  10:30  Void Ray (Chrono Boost), Pylon  
  126  10:35  Void Ray (Chrono Boost)  
  126  10:41  Pylon  
  126  10:45  Pylon  
  126  10:48  Pylon  
  130  10:52  Void Ray (Chrono Boost)  
  130  11:11  Pylon  
  134  11:14  Void Ray (Chrono Boost)  
  134  11:15  Pylon  
  138  11:20  Void Ray (Chrono Boost)  
  138  11:21  Pylon  
  138  11:25  Pylon  
  138  11:52  Stalker x2  
  138  11:53  Stalker  
  136  12:24  Gateway  
  136  12:31  Gateway  
  136  12:32  Photon Cannon  
  136  12:34  Stalker  
  136  12:36  Stalker  
  144  12:59  Void Ray (Chrono Boost)  
  144  13:04  Void Ray x2 (Chrono Boost)  
  152  13:07  Stalker x2  
  156  13:37  Nexus  
  156  13:38  Pylon  
  156  13:41  Pylon  
  156  13:45  Assimilator  
  156  13:46  Assimilator  
  144  13:49  Pylon  
  144  13:52  Pylon  
  144  13:58  Stalker x3  
  130  14:33  Photon Cannon  
  130  14:34  Photon Cannon  
  130  14:36  Photon Cannon  
  73  16:08  Stalker x2  
  73  16:09  Stalker x2  
  79  16:14  Observer  
  80  16:33  Stalker x3  
  80  16:34  Stalker  
  80  16:36  Observer  
  89  16:57  Immortal  
  93  17:10  Stalker x3  
  93  17:11  Stalker  
  101  17:36  Immortal  
  105  17:40  Pylon  
  105  17:57  Pylon  
  105  17:59  Stalker x3  
  105  18:00  Stalker  
  111  18:16  Immortal  
  99  18:34  Zealot  
  99  18:35  Zealot x3  
  93  18:55  Immortal  
  85  18:59  Stalker x2  
  85  19:00  Stalker x2  
  87  19:34  Immortal  
  91  19:39  Gateway  
  91  19:41  Gateway  
  91  19:44  Pylon x2  
  91  20:04  Stalker x3  
  91  20:05  Nexus, Stalker  
  99  20:08  Pylon  
  99  20:09  Pylon  
  99  20:13  Immortal  
  103  20:32  Stalker x2  
  103  20:33  Stalker x2  
  111  20:47  Assimilator x2  
  111  20:51  Photon Cannon  
  111  20:53  Pylon  
  111  21:04  Stalker x2  
  111  21:05  Stalker x2  
  111  21:09  Photon Cannon  
  119  21:37  Stalker x3  
  119  21:38  Stalker  
  127  21:40  Stalker  
  122  22:18  Zealot  
  122  22:19  Zealot x2  
  122  22:20  Zealot  
  122  22:21  Zealot  
  104  22:52  Probe  
  105  23:02  Probe  
  105  23:04  Stalker x5  
  116  23:13  Probe  
  117  23:23  Probe  
  118  23:34  Probe  
  119  23:44  Probe  
  116  24:30  Stalker x2  
  120  24:46  Forge  
  28  25:54  Stalker  
  28  25:55  Stalker  
  32  26:06  Gateway  
  32  26:09  Observer (Chrono Boost), Gateway  
  33  26:12  Gateway  
  33  26:24  Stalker  
  33  26:25  Stalker  
  37  26:28  Observer (Chrono Boost)  
  38  26:47  Pylon  
  38  26:49  Stalker x2  
  41  27:15  Zealot x2  
  44  27:16  Zealot  
Tags
 
Add a new tag
Caveats
  • Supply blocks, unpowered buildings, or Contaminate may cause inaccurate times.
  • Supply counts are checked every 10 seconds.